 Dungeon Crawl Stone Soup version 0.28.0-45-g0d030f2227 (webtiles) character file.

Game seed: 2017005799700638434

13318 MisterFreud the Fighter (level 9, -9/102 HPs)
             Began as a White Draconian Transmuter on Apr 18, 2022.
             Was a Believer of Ru.
             Mangled by a blink frog (15 damage)
             ... on level 3 of the Lair of Beasts.
             The game lasted 00:21:37 (15602 turns).

MisterFreud the Fighter (DrTm)                     Turns: 15602, Time: 00:21:37

Health: -9/102     AC:  8    Str: 17    XL:     9   Next: 74%
Magic:  15/15      EV: 14    Int: 22    God:    Ru [**....]
Gold:   642        SH:  0    Dex: 14    Spells: 7/16 levels left

rFire   . . .      SeeInvis +     - Unarmed
rCold   + + +      Faith    +   (shield currently unavailable)
rNeg    . . .      Spirit   .   (armour unavailable)
rPois   +          Reflect  .   (helmet currently unavailable)
rElec   .          Harm     .   (cloak currently unavailable)
rCorr   .          Rampage  .   (gloves currently unavailable)
Will    .....                   (boots currently unavailable)
Stlth   +.........              l - amulet of faith
HPRegen 0.27/turn               c - ring of protection from fire
MPRegen 0.14/turn               k - ring "Fadduiv" {rC+ Str+5 Int+6 SInv}

@: ice-form
A: freezing attack, amphibious, boosted hp, (breathe frost), AC +7, large,
unfitting armour, (cold resistance 1), (cold-blooded), inexperienced 1
a: End Transformation, Renounce Religion


You were on level 3 of the Lair of Beasts.
You worshipped Ru.
Ru was pleased with you.
You were a creature of crystalline ice.
You visited 3 branches of the dungeon, and saw 13 of its levels.

You collected 678 gold pieces.
You spent 36 gold pieces at shops.

Inventory:

Missiles
 v - 5 poisoned darts (quivered)
 A - 9 boomerangs
 G - 4 javelins
 H - a curare-tipped dart
Armour
 a - a +0 pair of gloves
 q - a +1 pair of gloves (melded)
 F - a +0 pair of boots (melded)
Jewellery
 c - a ring of protection from fire (left front paw)
 k - the ring "Fadduiv" (right front paw) {rC+ Str+5 Int+6 SInv}
   (You found it on level 2 of the Dungeon)

   [ring of intelligence]

   Str:       It affects your strength (+5).
   Int:       It affects your intelligence (+6).
   rC:        It protects you from cold.
   SInv:      It lets you see invisible.
 l - an amulet of faith (around neck)
 C - a +6 ring of dexterity
Wands
 y - a wand of iceblast (3)
 B - a wand of flame (49)
 E - a wand of paralysis (20)
 I - a wand of charming (5)
 K - a wand of polymorph (4)
Scrolls
 b - 3 scrolls of amnesia
 d - 3 scrolls of immolation
 e - a scroll of magic mapping
 f - a scroll of vulnerability
 g - a scroll of brand weapon
 h - a scroll of teleportation
 j - a scroll of enchant weapon
 p - a scroll of torment
 s - 2 scrolls of fog
 t - 2 scrolls of blinking
 x - a scroll of holy word
 J - a scroll of fear
Potions
 i - 5 potions of heal wounds
 m - 3 potions of curing
 n - 4 potions of brilliance
 o - 3 potions of flight
 r - 2 potions of berserk rage
 u - a potion of magic
 w - 3 potions of lignification
 z - a potion of might
 D - 3 potions of attraction
 L - a potion of invisibility


   Skills:
 - Level 10.0 Fighting
 + Level 9.9 Dodging
 - Level 10.0 Unarmed Combat
 - Level 4.0 Spellcasting
 - Level 6.0 Transmutations
 - Level 4.0 Ice Magic
 - Level 5.0 Evocations


You had 7 spell levels left.
You knew the following spells:

 Your Spells              Type           Power      Damage    Failure   Level
b - Wereblood             Tmut           30%        N/A       1%          2
c - Spider Form           Tmut/Pois      17%        N/A       10%         3
d - Ice Form              Ice/Tmut       26%        N/A       14%         4

Your spell library contained the following spells:

 Spells                   Type           Power      Damage    Failure   Level
 Beastly Appendage        Tmut           60%        N/A       1%          1
 Sting                    Tmut/Pois      68%        1d6       3%          1
 Animate Skeleton         Necr           8%         N/A       11%         1
 Apportation              Tloc           8%         N/A       11%         1
 Summon Small Mammal      Summ           16%        N/A       11%         1
 Poisonous Vapours        Pois/Air       8%         N/A       17%         2
 Scorch                   Fire           8%         2d5       17%         2
 Tukima's Dance           Hex            4%         N/A       32%         3
 Anguish                  Hex/Necr       2%         N/A       73%         4
 Flame Wave               Conj/Fire      4%         2d5       73%         4
 Olgreb's Toxic Radiance  Pois           4%         N/A       73%         4
 Iskenderun's Battlesphe  Conj           4%         2d6       97%         5
 Iron Shot                Conj/Erth      2%         9d2       100%        6
 Summon Cactus Giant      Summ           2%         N/A       100%        6
 Enfeeble                 Hex            2%         N/A       100%        7
 Spellforged Servitor     Conj/Summ      2%         N/A       100%        7


Dungeon Overview and Level Annotations

Branches:
Dungeon (9/15)             Temple (1/1) D:5            Lair (3/6) D:8
  Swamp: Lair:2-4    Shoals: Lair:2-4     Snake: Lair:2-4    Spider: Lair:2-4
    Orc: D:9-12

Altars:
Cheibriados
Dithmenos
Elyvilon
Fedhas
Gozag
Hepliaklqana
Kikubaaqudgha
Makhleb
Nemelex Xobeh
Okawaru
Qazlal
Ru
Sif Muna
Trog
Uskayaw
Vehumet
Wu Jian
Xom

Shops:
D:3 !

Annotations:
D:4 Dowan
Lair:2 exclusion: oklob plant
Lair:3 Snorg


Innate Abilities, Weirdness & Mutations

You are a creature of crystalline ice.
You have a powerful freezing melee attack.
You are amphibious.
Your maximum health is increased.
Your armour is entirely melded.
You are incapable of wielding weapons or throwing items.
((You can breathe waves of freezing cold which knock back foes.))
((Your icy white scales are hard. (AC +7)))
You cannot fit into any form of body armour.
((Your flesh is cold resistant. (rC+)))
((You are cold-blooded and may be slowed by cold attacks.))
You are somewhat inexperienced. (-2 XL)


Message History

The merfolk hits you with a +2 trident of venom.
You are poisoned.
You closely miss the merfolk.
The merfolk is lightly wounded.
You feel very sick. The merfolk misses you. The merfolk barely misses you.
You punch the merfolk! You freeze the merfolk.
The merfolk is moderately wounded.
You feel sick.
The merfolk hits you from afar with a +0 trident!
The merfolk completely misses you.
You closely miss the merfolk.
The merfolk is moderately wounded.
You feel sick.
The merfolk hits you from afar with a +0 trident.
The merfolk hits you with a +2 trident of venom!
* * * LOW HITPOINT WARNING * * *
You are lethally poisoned!
Unknown command.
Unknown command.
Unknown command.
Unknown command.
Blink to where?
Press: ? - help, Dir - move target
As you read the scroll of blinking, it crumbles to dust.
* * * LOW HITPOINT WARNING * * *
You feel very sick.
You feel better.
The blink frog begins to attack, but is stunned by your conviction!
The blink frog blinks!
You redirect the blink frog's attack!
The blink frog blinks!
The blink frog blinks! x2
The blink frog is stunned by your conviction and fails to attack.
You redirect the blink frog's attack!
The blink frog hits you but does no damage.
The blink frog hits you!
* * * LOW HITPOINT WARNING * * *
The blink frog hits you!
You die...

#.....#
##.[..m### #
#.†...#.P##.###
##.............
##...F.........
#P....#######P.
##....P#
#...F## #...Y##
#(..<.#
#............
##......PP...
#.<.#######.
#...# ....#
##...# #...


You could see a merfolk and 2 blink frogs.

Vanquished Creatures
  A boulder beetle (Lair:2)
  2 hydras (Lair:1)
  2 two-headed ogres
  2 cane toads (Lair:2)
  5 komodo dragons
  Maggie (Lair:1)
  A rime drake (Lair:1)
  A troll (D:9)
  A wyvern (Lair:1)
  16 yaks
  A wraith (D:9)
  2 basilisks (Lair:2)
  A steam dragon (D:9)
  Edmund (D:4)
  An acid dragon (D:6)
  7 water moccasins
  An orc warrior (D:8)
  A black bear (D:6)
  4 ice beasts
  2 necrophages
  2 sky beasts
  An ogre (D:7)
  3 wolves (Lair:2)
  8 bullfrogs
  A kobold brigand (D:9)
  A gnoll sergeant (D:9)
  2 scorpions
  A wyvern zombie (D:6)
  A water moccasin skeleton (D:5)
  A howler monkey (D:7)
  14 wights
  8 electric eels (D:9)
  A bullfrog zombie (D:7)
  2 centaur zombies
  A hound (D:4)
  3 orc priests
  2 centaur skeletons
  A gnoll shaman (D:5)
  2 iguanas
  7 orc wizards
  A killer bee zombie (D:8)
  A hound skeleton (D:5)
  Robin (D:3)
  6 gnolls
  8 adders
  2 shadow imps
  3 white imps
  An adder skeleton (D:4)
  2 worms
  5 dart slugs
  24 orcs
  7 ball pythons
  8 endoplasms
  4 giant cockroaches (D:1)
  14 goblins
  12 hobgoblins
  4 jackals (D:3)
  2 quokkas (D:3)
  3 bats
  4 frilled lizards
  10 kobolds
  7 rats
244 creatures vanquished.

Vanquished Creatures (others)
  A goblin (D:4)
  7 fungi (Lair:1)
  9 plants
17 creatures vanquished.

Grand Total: 261 creatures vanquished

Notes
Turn   | Place    | Note
-------+----------+-------------------------------------------
     0 | D:1      | MisterFreud the Draconian Transmuter began the quest for
                  | the Orb.
     0 | D:1      | Reached XP level 1. HP: 16/16 MP: 3/3
   168 | D:1      | Reached XP level 2. HP: 23/23 MP: 3/5
   522 | D:1      | Learned a level 2 spell: Wereblood
   825 | D:1      | Reached XP level 3. HP: 28/28 MP: 4/6
  1172 | D:2      | Identified the ring "Fadduiv" {rC+ Str+5 Int+6 SInv}
  1265 | D:2      | Learned a level 3 spell: Spider Form
  1991 | D:3      | Identified the +1 leather armour of Kibi {rPois}
  2025 | D:3      | Reached XP level 4. HP: 22/35 MP: 7/7
  2204 | D:3      | Found Jyhukloj's Distillery.
  2209 | D:3      | Bought a potion of curing for 36 gold pieces
  2829 | D:3      | Reached skill level 5 in Transmutations
  2829 | D:3      | Reached XP level 5. HP: 18/41 MP: 6/8
  3344 | D:4      | Noticed Edmund
  3388 | D:4      | Killed Edmund
  3389 | D:4      | Reached XP level 6. HP: 7/52 MP: 4/9
  3670 | D:4      | Noticed Robin
  3689 | D:3      | Killed Robin
  4098 | D:4      | Reached skill level 5 in Unarmed Combat
  4107 | D:4      | HP: 1/52 [orc/+0 falchion (7)]
  4494 | D:4      | Noticed Dowan
  4593 | D:5      | Entered Level 5 of the Dungeon
  4604 | D:5      | Your scales start taking on an icy white colour.
  4604 | D:5      | Reached XP level 7. HP: 42/59 MP: 6/10
  4604 | D:5      | Gained mutation: Your flesh is cold resistant. (rC+) [White
                  | Draconian growth]
  4899 | D:4      | Learned a level 4 spell: Ice Form
  4970 | D:5      | Identified the +4 rapier of Armageddon {freeze, Fly rF+
                  | Dex+3}
  5011 | D:5      | Found a staircase to the Ecumenical Temple.
  5023 | D:5      | Reached skill level 1 in Ice Magic
  5061 | Temple   | Entered the Ecumenical Temple
  5713 | D:5      | Reached XP level 8. HP: 66/66 MP: 6/11
  6304 | D:6      | Reached skill level 5 in Dodging
  6863 | D:6      | Reached XP level 9. HP: 71/71 MP: 8/14
  7410 | D:7      | Found a shadowy altar of Dithmenos.
  8229 | D:7      | Found a shimmering altar of Xom.
  8302 | D:8      | Reached skill level 5 in Fighting
  8937 | D:8      | Noticed a two-headed ogre
  8947 | D:8      | Killed a two-headed ogre
  9173 | D:8      | Found a staircase to the Lair.
  9733 | D:9      | Noticed a two-headed ogre
  9742 | D:9      | Killed a two-headed ogre
  9743 | D:9      | Reached XP level 10. HP: 88/88 MP: 11/16
 10134 | D:9      | Reached skill level 1 in Evocations
 10253 | D:9      | Found a sparkling altar of Nemelex Xobeh.
 10693 | D:9      | Noticed an eight-headed hydra
 10695 | D:9      | Noticed a catoblepas
 10816 | D:9      | Found a snail-covered altar of Cheibriados.
 10820 | D:9      | Found a sacrificial altar of Ru.
 10825 | D:9      | Became a worshipper of Ru the Awakened
 11640 | Lair:1   | Entered Level 1 of the Lair of Beasts
 12520 | Lair:1   | Noticed Maggie
 12530 | Lair:1   | Killed Maggie
 12612 | Lair:1   | Noticed an eight-headed hydra
 12627 | Lair:1   | Killed an eight-headed hydra
 12628 | Lair:1   | Reached XP level 11. HP: 80/97 MP: 13/17
 13077 | Lair:1   | Identified the +4 ring mail "Uthrixoh" {Harm rPois Stlth+}
 13238 | Lair:1   | Noticed a six-headed hydra
 13249 | Lair:1   | Killed a six-headed hydra
 13588 | Lair:1   | Reached skill level 5 in Evocations
 13815 | Lair:1   | Reached skill level 10 in Fighting
 14360 | Lair:2   | Reached skill level 10 in Unarmed Combat
 14617 | Lair:2   | Gained mutation: You are somewhat inexperienced. (-2 XL)
                  | [Ru sacrifice]
 14617 | Lair:2   | Reached XP level 10. HP: 111/111 MP: 15/16
 14617 | Lair:2   | Reached XP level 9. HP: 102/102 MP: 15/15
 14617 | Lair:2   | Reached * piety under Ru
 14617 | Lair:2   | Reached ** piety under Ru
 14675 | Lair:2   | Noticed a boulder beetle
 14966 | Lair:2   | Killed a boulder beetle
 15227 | Lair:2   | Noticed an oklob plant
 15570 | Lair:3   | Noticed Snorg
 15599 | Lair:3   | HP: 5/102 [blink frog (16)]
 15602 | Lair:3   | Mangled by a blink frog

Illustrated notes

Levels and vault maps discovered:
D:1:      evilmike_arrival_hilbert_curve, layout_rooms, kennysheep_minor_cross
D:2:      layout_basic
D:3:      layout_loops_cross, serial_shops, nicolae_shop_statue_plus
D:4:      layout_layer_cave, grunt_temple_overflow_holy_war, nrook_mini_vaults,
          serial_bayou_pond_e, hangedman_decor_points, uniq_duvessa, uniq_robin,
          uniq_edmund
D:5:      layout_loops_ring, minmay_temple_entry_stoned_glass, minmay_checkerbox
D:6:      layout_cave_pods
D:7:      layout_layer_cave, lemuel_coloured_pillars_altar,
          nicolae_dithmenos_through_a_glass_darkly
D:8:      layout_basic, lair_entry_dummy, kennysheep_generic_room_15
D:9:      layout_basic, nemelex_xobeh_ov_fountains_minmay,
          nicolae_overflow_squiral
Temple:   cyrus_circular_temple
Lair:1:   layout_loops_ring, uniq_maggie
Lair:2:   minmay_lair_oklob_chamber, layout_big_grid, guppyfry_lair_drakes
Lair:3:   layout_chaotic_city, elwin_shoals_entry_stream, grunt_megastairs_1,
          uniq_urug, uniq_snorg

Skill      XL: |  1  2  3  4  5  6  7  8  9 10 11 |
---------------+----------------------------------+-----
Transmutations | 3 4 5 6 |  6.0
Fighting       | 2 4 8 9 10 | 10.0
Unarmed Combat | 5 6 8 9 10 | 10.0
Ice Magic      | 4 |  4.0
Dodging        | 2 6 9 7 8 |  9.9
Spellcasting   | 3 4 |  4.0
Evocations     | 4 5 |  5.0

Action                   |  1- 3 |  4- 6 |  7- 9 | 10-12 || total
-------------------------+-------+-------+-------+-------++-------
Melee: Unarmed           |   124 |   158 |   259 |   194 ||   735
       Kick              |    22 |    16 |       |       ||    38
       Tailslap          |     9 |     8 |     7 |     1 ||    25
       Punch             |     3 |     2 |     1 |       ||     6
       Headbutt          |    10 |     9 |       |       ||    19
Throw: Dart              |       |       |    12 |     3 ||    15
 Cast: Beastly Appendage |    29 |    16 |       |       ||    45
       Spider Form       |       |    15 |     9 |       ||    24
       Ice Form          |       |       |    28 |    26 ||    54
Invok: Sacrifice Experie |       |       |     1 |       ||     1
 Abil: End Transformatio |       |     1 |     1 |     1 ||     3
       Breathe Frost     |       |       |     1 |       ||     1
Evoke: Wand              |       |       |     1 |     6 ||     7
  Use: Scroll            |       |       |    15 |     8 ||    23
       Potion            |       |       |     1 |       ||     1
Armor: Skin              |    40 |    46 |    58 |    52 ||   196
Dodge: Dodged            |    75 |   133 |   140 |   103 ||   451
